 Dungeon Crawl Stone Soup version 0.22-a0-880-gb7b0c8b (webtiles) character file.

114 Kuinu the Grasshopper (level 4, 0/38 HPs)
             Began as a Draconian Warper on July 30, 2018.
             Slain by Sigmund
             ... wielding a +2 scythe of venom
              (10 damage)
             ... on level 2 of the Dungeon.
             The game lasted 00:04:31 (2377 turns).

Kuinu the Grasshopper (Draconian Warper)            Turns: 2377, Time: 00:04:32

Health: 0/38       AC:  5    Str: 14    XL:     4   Next: 67%
Magic:  6/7        EV: 12    Int: 14    God:
Gold:   98         SH:  0    Dex: 10    Spells: 3/7 levels left

rFire    . . .     SeeInvis .   a - +0 falchion
rCold    . . .     Gourm    .   (no shield)
rNeg     + . .     Faith    .   (armour unavailable)
rPois    .         Spirit   .   (helmet restricted)
rElec    .         Reflect  .   (no cloak)
rCorr    .         Harm     .   (no gloves)
MR       .....                  (no boots)
Stlth    +.........             (no amulet)
HPRegen  0.12/turn              m - ring of wizardry
MPRegen  0.10/turn              j - ring of positive energy

@: lethally poisoned (0 -> -11), shrouded (expiring)
A: unfitting armour, cold-blooded, AC +5
a: no special abilities


You were on level 2 of the Dungeon.
You were not hungry.

You visited 1 branch of the dungeon, and saw 2 of its levels.

You collected 98 gold pieces.

Inventory:

Hand Weapons
 a - a +0 falchion (weapon)
Missiles
 d - 5 tomahawks of dispersal (quivered)
Jewellery
 j - a ring of positive energy (right hand)
 m - a ring of wizardry (left hand)
 n - an uncursed ring of resist corrosion {unknown}
Scrolls
 b - a scroll of enchant weapon {unknown}
 c - a scroll of blinking
 f - a scroll of teleportation {unknown}
 h - a scroll of amnesia
 i - a scroll of identify {unknown}
 l - a scroll of remove curse {unknown}
Potions
 e - 3 potions of ambrosia {unknown}
 g - 2 potions of lignification {unknown}
 k - 2 potions of curing {unknown}
Comestibles
 o - 5 chunks of flesh


   Skills:
 * Level 3.3 Fighting
 * Level 3.1 Long Blades
 - Level 0.8 Throwing
 + Level 2.5 Dodging
 + Level 2.4 Spellcasting
 * Level 3.5 Translocations


You had 3 spell levels left.
You knew the following spells:

 Your Spells              Type           Power        Failure   Level  Hunger
a - Shroud of Golubria    Chrm/Tloc      #.........   7%          2    ###....
b - Blink                 Tloc           N/A          3%          2    ###....

Your spell library contained the following spells:

 Spells                   Type           Power        Failure   Level  Hunger
 Teleport Other           Tloc           ##......     6%          3    ###....
 Passage of Golubria      Tloc           N/A          21%         4    #####..
 Gell's Gravitas          Tloc           ##........   6%          3    ###....
 Lesser Beckoning         Tloc           ##........   6%          3    ###....


Dungeon Overview and Level Annotations

Branches:
Dungeon (2/15)

Altars:
Cheibriados

Annotations:
D:2 Sigmund, Terence


Innate Abilities, Weirdness & Mutations

Your plain brown scales are hard. (AC +5)
You cannot fit into any form of body armour.
You are cold-blooded and may be slowed by cold attacks.


Message History

Sigmund is moderately wounded.
You hit Sigmund but do no damage.
Sigmund is moderately wounded.
Your shroud bends Sigmund's attack away.
You barely miss Sigmund.
Sigmund is moderately wounded.
Your shroud bends Sigmund's attack away.
You hit Sigmund but do no damage.
Sigmund is moderately wounded.
You hit Sigmund.
Sigmund is heavily wounded.
Sigmund hits you with a scythe of venom!
You are lethally poisoned!
You hit Sigmund.
Sigmund is heavily wounded.
Your shroud begins to fray at the edges.
* * * LOW HITPOINT WARNING * * *
You feel sick.
Sigmund hits you with a scythe of venom!
You die...

..#.##......
####.######
... #..####.
..
#......)..#
..# #>.! ...
#.........#
.. #...## #.
#.........#
#...... #.
#..#####..#
.... #. #..#
#..# .....#.
#..# #..#
.......##..#
#..# #@...#
####
......@.####
.....####
.... ... ..
#


You could see Sigmund.

Vanquished Creatures
  Jessica (D:2)
  Natasha (D:2)
  3 adders
  A dart slug (D:1)
  2 giant cockroaches (D:1)
  6 hobgoblins
  4 jackals (D:2)
  3 bats (D:1)
  3 frilled lizards (D:1)
  4 goblins
  A kobold (D:2)
  10 rats
39 creatures vanquished.

Notes
Turn   | Place    | Note
-------+----------+-------------------------------------------
     0 | D:1      | Kuinu the Draconian Warper began the quest for the Orb.
     0 | D:1      | Reached XP level 1. HP: 17/17 MP: 3/3
   161 | D:1      | Reached XP level 2. HP: 25/25 MP: 5/5
   165 | D:1      | Learned a level 2 spell: Shroud of Golubria
   168 | D:1      | Learned a level 2 spell: Blink
  1041 | D:2      | Found a snail-covered altar of Cheibriados.
  1063 | D:2      | Reached XP level 3. HP: 24/30 MP: 6/6
  1593 | D:2      | Noticed Sigmund
  1594 | D:2      | Noticed Terence
  1955 | D:2      | Noticed Natasha
  1965 | D:2      | Killed Natasha
  1965 | D:2      | Reached XP level 4. HP: 9/38 MP: 5/7
  2295 | D:2      | Noticed Jessica
  2306 | D:2      | Killed Jessica
  2377 | D:2      | Slain by Sigmund

Vault maps used:
D:1:      dpeg_arrival_long_road, kennysheep_nondescript
D:2:      lemuel_coloured_pillars_altar, lemuel_blue_sif_altar,
          cheibriados_altar_1, uniq_terence, uniq_sigmund, uniq_jessica,
          uniq_natasha

Skill      XL: |  1  2  3 |
---------------+----------+-----
Fighting       | 3 |  3.3
Long Blades    | 3 |  3.1
Throwing       | |  0.8
Dodging        | |  2.5
Spellcasting   | |  2.4
Translocations | |  3.5

Action                   |  1- 3 |  4- 6 || total
-------------------------+-------+-------++-------
Melee: Falchion          |   112 |    34 ||   146
       Tailslap          |    13 |     2 ||    15
 Cast: Shroud of Golubri |     9 |     3 ||    12
  Use: Scroll            |     1 |       ||     1
 Stab: Sleeping          |     2 |       ||     2
  Eat: Chunk             |     2 |       ||     2
       Ration            |     1 |       ||     1
Armor: Skin              |    54 |     7 ||    61
Dodge: Dodged            |    97 |    22 ||   119
       Rpst.: Falchion   |    30 |     6 ||    36

Table legend:
 A = Spawn XP
 B = Non-spawn XP
 C = Spawn XP percentage of total XP
 D = Spawn monster count
 E = Non-spawn monster count
 F = Spawn count percentage of total count
 G = Total turns spent on level
                    A         B        C        D         E        F      G
               +---------+---------+-------+---------+---------+-------+---------
         Total |       0 |     164 |   0.0 |       0 |      39 |   0.0 |  2377
               +---------+---------+-------+---------+---------+-------+---------
           D:1 |       0 |      48 |   0.0 |       0 |      25 |   0.0 |  1745
           D:2 |       0 |     116 |   0.0 |       0 |      14 |   0.0 |   632
               +---------+---------+-------+---------+---------+-------+---------
